 Dungeon Crawl Stone Soup version 0.31-a0-210-gccc998df9b (webtiles) character file.

Game seed: 16477159066064895227

16 rabbitsville the Shooter (level 2, -4/25 HPs)
             Began as a Hill Orc Hunter on June 30, 2023.
             Slain by a gnoll
             ... wielding a +0 spear
              (7 damage)
             ... on level 1 of the Dungeon.
             The game lasted 00:00:40 (274 turns).

rabbitsville the Shooter (Hill Orc Hunter)           Turns: 274, Time: 00:00:40

Health: -4/25      AC:  3    Str: 13    XL:     2   Next: 54%
Magic:  2/2        EV: 12    Int:  9    God:
Gold:   13         SH:  0    Dex: 14    Spells: 1/1 levels left

rFire   . . .        a - +0 shortbow
rCold   . . .        (shield currently unavailable)
rNeg    . . .        c - +0 leather armour
rPois   .            (no helmet)
rElec   .            (no cloak)
rCorr   .            (no gloves)
SInv    .            (no boots)
Will    .....        (no amulet)
Stlth   +            (no ring)
HPRegen 0.24/turn    (no ring)
MPRegen 0.08/turn

%: no passive effects
@: no status effects
A: no striking features
a: no special abilities


You were on level 1 of the Dungeon.
You visited 1 branch of the dungeon, and saw 1 of its levels.

You collected 13 gold pieces.

Inventory:

Hand Weapons
 a - a +0 shortbow (weapon)
Armour
 c - a +0 leather armour (worn)
Scrolls
 b - a scroll of butterflies
Potions
 d - a potion of ambrosia {unknown}


   Skills:
 + Level 2.7 Fighting
 * Level 3.8 Ranged Weapons
 * Level 2.0 Dodging
 - Level 0.7 Stealth


You had one spell level left.
You didn't know any spells.
Your spell library was empty.

Dungeon Overview and Level Annotations

Branches:
Dungeon (1/15)

Altars:


Message History

The gnoll is lightly wounded.
A frilled lizard comes into view.
You shoot an arrow. The arrow hits the gnoll.
The gnoll is heavily wounded.
A rat comes into view.
You shoot an arrow.
The arrow hits the gnoll but does no damage.
The gnoll is heavily wounded.
The gnoll hits you from afar with a +0 spear.
The rat bites the plant.
The plant begins to die.
The gnoll closely misses you.
You shoot an arrow.
The arrow hits the gnoll but does no damage.
The gnoll is heavily wounded.
The rat bites the plant.
The plant begins to die.
The gnoll hits you from afar with a +0 spear.
You shoot an arrow. The arrow barely misses the gnoll.
The arrow hits the frilled lizard!
You kill the frilled lizard!
The gnoll hits you from afar with a +0 spear.
You are too injured to fight recklessly!
A bat comes into view.
The rat bites the plant.
The plant begins to die.
Fire: a) +0 shortbow
Press: ? - help, Q - select action Shift-Dir - straight line, f/p - gnoll
Aim: a gnoll, wielding a +0 spear (heavily wounded, 64% to hit)
You shoot an arrow. The arrow hits the gnoll.
The gnoll is severely wounded.
A nearby plant withers and dies.
The gnoll hits you from afar with a +0 spear.
* * * LOW HITPOINT WARNING * * *
Fire: a) +0 shortbow
Press: ? - help, Q - select action Shift-Dir - straight line, f/p - gnoll
Aim: a gnoll, wielding a +0 spear (severely wounded, 64% to hit)
You shoot an arrow.
The arrow hits the gnoll but does no damage.
The gnoll is severely wounded.
A nearby plant withers and dies.
The bat hits you but does no damage. The gnoll closely misses you.
The bat hits you but does no damage.
The gnoll hits you from afar with a +0 spear!
You die...

#...'.........'.. ...#
#.≈#...##8##.##8##..
PP...#.≈#..8#~♣~#'#~ ~#8.
.PP..#.≈######♣##'##♣####
?P.P....†≈≈≈≈≈≈≈≈≈≈.≈≈≈≈≈≈≈
P...P..#...................
.g.............###.#.##....
....P.†....................
PPPPr.†.gb@....###.#...##.#
.......##.#.#..........#...
.......##.#.#.####.....#...
..........#.#..........#.##
....#######.#######....#.##
. #.. .....#.## ###
###...#.## ...#.## ...#.##


You could see a gnoll, a bat and a rat.

Vanquished Creatures
  A dart slug (D:1)
  A bat (D:1)
  An endoplasm (D:1)
  A goblin (D:1)
  3 quokkas (D:1)
  4 ball pythons (D:1)
  A frilled lizard (D:1)
12 creatures vanquished.

Notes
Turn   | Place    | Note
-------+----------+-------------------------------------------
     0 | D:1      | rabbitsville the Hill Orc Hunter began the quest for the
                  | Orb.
     0 | D:1      | Reached XP level 1. HP: 18/18 MP: 1/1
   160 | D:1      | Reached XP level 2. HP: 25/25 MP: 2/2
   274 | D:1      | Slain by a gnoll

Illustrated notes

Levels and vault maps discovered:
D:1:      saegor_arrival_fortress, layout_basic, nicolae_grassy_gnolls

Skill      XL: |  1  2 |
---------------+-------+-----
Dodging        | 2 |  2.0
Fighting       | |  2.7
Ranged Weapons | |  3.8
Stealth        | |  0.7

Action                     || total
---------------------------++-------
   Fire: Shortbow          ||    32
 Armour: Leather armour    ||     3
  Dodge: Dodged            ||     4

Table legend: (Time is in decaauts)
 A = Elapsed time spent in this place.
 B = Non-inter-level travel time spent in this place.
 C = Inter-level travel time spent in this place.
 D = Time resting spent in this place.
 E = Time spent auto-exploring this place.
 F = Levels seen in this place.
 G = Mean time per level.
                   A        B        C        D        E       F      G
               +--------+--------+--------+--------+--------+-----+--------+
         Total |    281 |    281 |      0 |      0 |    223 |   1 |  281.0 |
       Dungeon |    281 |    281 |      0 |      0 |    223 |   1 |  281.0 |
               +--------+--------+--------+--------+--------+-----+--------+

Top non-repeatable levels by time:
     D:1: 281 daAuts
